 Dungeon Crawl Stone Soup version 0.31.0-9-g3a7656b989 (webtiles) character file.

Game seed: 9412316767281664740

128740 James the Peltast (level 16, -55/235 HPs)
             Began as a Minotaur Berserker on Jan 29, 2024.
             Was the Champion of Trog.
             Killed from afar by a Hell Sentinel (66 damage)
             ... with an iron shot
             ... summoned by a deep elf demonologist
             ... on level 3 of the Elven Halls.
             The game lasted 01:37:56 (27340 turns).

James the Peltast (Minotaur Berserker)             Turns: 27340, Time: 01:37:56

Health: -55/235    AC: 25    Str: 27    XL:     16   Next: 49%
Magic:  0/15       EV: 16    Int:  5    God:    Trog [******]
Gold:   2520       SH: 16    Dex: 18    Spells: 15/15 levels left

rFire   + . .        b - +7 eveningstar of Havoc {heavy, rElec Dex+3 Stlth+}
rCold   + + .        Z - +1 kite shield {reflect}
rNeg    . . .        L - +5 scale mail "Hiof" {+Blink rC++ rCorr Int-4}
rPois   +            (helmet restricted)
rElec   +            A - +0 cloak
rCorr   +            H - +0 pair of gloves
SInv    .            W - +0 pair of boots
Will    ++++.        Y - amulet of Ukooh {Spirit Regen+ Dex+2} Stlth
                     X - ring of Ru's Anger {rPois rF+ Will+ Int+5 Dex-5}
HPRegen 2.39/turn    U - ring "Foxtem" {AC+4 Dex+5}
MPRegen 0.14/turn

%: reflection, guardian spirit
@: berserking, strong-willed, regenerating, very quick
A: horns 2, retaliatory headbutt
a: Renounce Religion, Evoke Blink, Berserk, Trog's Hand, Brothers in Arms


You were on level 3 of the Elven Halls.
You worshipped Trog.
Trog was exalted by your worship.
You visited 3 branches of the dungeon, and saw 20 of its levels.
You visited the Abyss 1 time.
You also visited: Trove and Sewer.

You collected 2809 gold pieces.
You spent 289 gold pieces at shops.

Inventory:

Hand Weapons
 a - the +7 eveningstar of the Peculiar Ziggurats {vamp, MP+9}
   (You acquired it on level 2 of the Orcish Mines)

   MP+9:      It affects your magic capacity (+9).
 b - the +7 eveningstar of Havoc (weapon) {heavy, rElec Dex+3 Stlth+}
   (Trog gifted it to you on level 1 of the Elven Halls)

   Dex+3:     It affects your dexterity (+3).
   rElec:     It insulates you from electricity.
   Stlth+:    It makes you more stealthy.
 t - a +5 demon whip
   (Trog gifted it to you on level 2 of the Orcish Mines)
 T - a +4 heavy trident
   (Trog gifted it to you on level 8 of the Dungeon)
Missiles
 l - a curare-tipped dart {!f}
 p - 11 javelins
 y - 33 poisoned darts (quivered)
 S - 20 boomerangs
Armour
 e - a +4 chain mail of cold resistance
   (You took it off Donald on level 2 of the Orcish Mines)
 A - a +0 cloak (worn)
   (You took it off Crazy Yiuf on level 7 of the Dungeon)
 C - +0 swamp dragon scales
   (You found it on level 10 of the Dungeon)
 H - a +0 pair of gloves (worn)
   (You found it on level 10 of the Dungeon)
 L - the +5 scale mail "Hiof" (worn) {+Blink rC++ rCorr Int-4}
   (You found it on level 8 of the Dungeon)

   Int-4:     It affects your intelligence (-4).
   rC++:      It greatly protects you from cold.
   +Blink:    It lets you blink.
   rCorr:     It protects you from acid and corrosion.
 O - a +3 plate armour
   (You found it on level 14 of the Dungeon)
 W - a +0 pair of boots (worn)
   (You bought it in a shop on level 2 of the Orcish Mines)
 Z - a +1 kite shield of reflection (worn)
   (You took it off Donald on level 2 of the Orcish Mines)
Jewellery
 f - the ring "Mikhas" {rN+ rCorr}
   (You found it in a treasure trove)

   [ring of positive energy]

   rN+:       It protects you from negative energy.
   rCorr:     It protects you from acid and corrosion.
 i - the ring of the Prince {EV+5 Dex+3}
   (You found it in a treasure trove)

   [ring of evasion]

   EV+5:      It affects your evasion (+5).
   Dex+3:     It affects your dexterity (+3).
 o - a ring of protection from cold
   (You found it on level 8 of the Dungeon)
 F - the amulet of Paranoia {RegenMP Harm +Blink rN++ Dex-5}
   (You found it in a treasure trove)

   [amulet of magic regeneration]

   RegenMP:   It increases your rate of magic regeneration.
   Dex-5:     It affects your dexterity (-5).
   rN++:      It greatly protects you from negative energy.
   +Blink:    It lets you blink.
   Harm:      It increases damage dealt and taken.
 N - a ring of flight
   (You found it on level 11 of the Dungeon)
 P - the ring "Cytihouts" {Will+ EV+5 Int+2}
   (You found it in a treasure trove)

   [ring of evasion]

   EV+5:      It affects your evasion (+5).
   Int+2:     It affects your intelligence (+2).
   Will+:     It increases your willpower.
 U - the ring "Foxtem" (right hand) {AC+4 Dex+5}
   (You found it in a treasure trove)

   [ring of protection]

   AC+4:      It affects your AC (+4).
   Dex+5:     It affects your dexterity (+5).
 V - the amulet of Uconeing {Faith *Corrode rPois rC+++ rN+}
   (You found it in a treasure trove)

   [amulet of faith]

   Faith:     It allows you to gain divine favour quickly.
   rC+++:     It renders you almost immune to cold.
   rPois:     It protects you from poison rN+: It protects you from negative
   energy.
   *Corrode:  It may corrode you when you take damage.
 X - the ring of Ru's Anger (left hand) {rPois rF+ Will+ Int+5 Dex-5}
   (You found it in a treasure trove)

   [ring of protection from fire]

   Int+5:     It affects your intelligence (+5).
   Dex-5:     It affects your dexterity (-5).
   rF+:       It protects you from fire.
   rPois:     It protects you from poison Will+: It increases your willpower.
 Y - the amulet of Ukooh (around neck) {Spirit Regen+ Dex+2}
   (You found it in a treasure trove)

   [amulet of guardian spirit]

   Spirit:    It causes incoming damage to be divided between your reserves of
   health and magic.
   Dex+2:     It affects your dexterity (+2).
   Regen+:    It increases your rate of health regeneration.
Wands
 d - a wand of iceblast (9)
   (You took it off Nessos on level 13 of the Dungeon)
 u - a wand of paralysis (2)
   (You found it on level 15 of the Dungeon)
 x - a wand of acid (2)
   (You took it off Ijyb on level 3 of the Dungeon)
 R - a wand of polymorph (34)
   (You took it off Dowan on level 4 of the Dungeon)
Scrolls
 c - 3 scrolls of silence
 g - 3 scrolls of immolation {!r}
 m - 2 scrolls of butterflies
 q - 2 scrolls of brand weapon
 s - a scroll of enchant armour
 z - 6 scrolls of teleportation {@r4}
 B - a scroll of blinking
 D - 2 scrolls of fear
 E - 2 scrolls of revelation
 Q - a scroll of vulnerability {!r}
Potions
 h - 7 potions of enlightenment
 j - 5 potions of ambrosia
 k - 3 potions of heal wounds {@q2}
 n - a potion of cancellation
 r - 2 potions of might
 v - 2 potions of mutation {!q}
 w - 6 potions of resistance
 I - a potion of invisibility
 J - 2 potions of magic
 K - 2 potions of haste {@q3}
 M - 5 potions of curing {@q1}
Miscellaneous
 G - a lightning rod (4/4) {!a}
   (You found it on level 10 of the Dungeon)


   Skills:
 + Level 17.9 Fighting
 - Level 16.0 Maces & Flails
 + Level 18.0 Armour
 - Level 10.0 Dodging
 - Level 18.0 Shields


You had 15 spell levels left.
You didn't know any spells.
Your spell library was empty.

Dungeon Overview and Level Annotations

Branches:
Dungeon (15/15)            Temple (0/1) D:5            Lair (0/5) D:11
    Orc (2/2) D:10            Elf (3/3) Orc:2        Vaults (0/5) D:13
 Depths (0/4) D:15          Sewer (visited)

Altars:
Ashenzari
Makhleb
Nemelex Xobeh
Okawaru
Qazlal
Ru
Sif Muna
Trog
Vehumet
Wu Jian
Xom
Zin
The Shining One

Shops:
D:9 *   D:10 [   Orc:2 ![?   Elf:1 =   Elf:3 *

Annotations:
D:11 exclusion: downstairs
Elf:2 3 runed translucent doors, exclusion: 3 doors


Innate Abilities, Weirdness & Mutations

You have a pair of horns on your head.
You reflexively headbutt those who attack you in melee.


Message History

The ground beneath you fractures.
* * * LOW HITPOINT WARNING * * *
You barely miss the deep elf elementalist.
The deep elf elementalist mumbles some strange words.
The deep elf elementalist seems to speed up.
You puncture the deep elf elementalist!
You kill the deep elf elementalist!
Trog accepts your kill.
Trog appreciates your killing of a magic user.
Your Armour skill increases to level 18!
Your troll goes berserk!
The Hell Sentinel closely misses you. You block the Hell Sentinel's attack.
Unknown command.
The Hell Sentinel gestures at you.
The sphere of damnation explodes!
The damnation engulfs you!!
* * * LOW HITPOINT WARNING * * *
The damnation engulfs the Hell Sentinel.
The Hell Sentinel completely resists.
Things that are here:
a +0 short sword; a +0 long sword Your skin crawls.
You feel strong-willed. The Hell Sentinel closely misses you.
The Hell Sentinel hits you but does no damage.
Your troll barely misses the Hell Sentinel.
Your troll claws the Hell Sentinel but does no damage.
Your troll claws the Hell Sentinel!
Unknown command.
A red film seems to cover your vision as you go berserk!
You feel yourself moving faster!
You feel mighty!
The tormentor calls on the powers of darkness!
The deep elf demonologist convulses! x2; The deep elf elementalist convulses!
Your troll convulses!
Your body is wracked with pain!
* * * LOW HITPOINT WARNING * * *
Your troll barely misses the Hell Sentinel.
Your troll claws the Hell Sentinel but does no damage.
Your troll claws the Hell Sentinel.
The Hell Sentinel hits you!
* * * LOW HITPOINT WARNING * * *
The Hell Sentinel hits you.
* * * LOW HITPOINT WARNING * * *
You hit the Hell Sentinel but do no damage.
Your troll barely misses the Hell Sentinel.
Your troll claws the Hell Sentinel.
Your troll barely misses the Hell Sentinel.
The reaper shouts, "Die, James!"
You bludgeon the Hell Sentinel!! The Hell Sentinel gestures at you.
The iron shot hits you!!!
You die...

....# ..# #$# ....# #
#3# ....# #3# ....# #e#
#..## ### #2## ### ##.#
##)###e2# #.# #.###
#.[)##e## #.# #.#.##
#=##T1##### #.# #....#
#'##)@#...### #.# #....#
#.###.[.....# #.#
##.#..######...###.....#
#.#
##.#.#....#......'.....#
#.#
.#.#.######..∩..##.....#
#.# .#.#.#
#.'......##...### #.#
#).#.# #.###...#######
#.#
##.#.###.#####.#....#
#.#
###..##......#'#....#
#.#


You could see a Hell Sentinel (summoned, ally target), a reaper (summoned), a
deep elf elementalist (fast, repels missiles), 2 deep elf demonologists, a
sixfirhy (summoned), a tormentor (summoned), a neqoxec (summoned) and a friendly
troll (summoned, berserk).

Vanquished Creatures
  2 deep elf master archers (Elf:3)
  2 deep elf blademasters (Elf:3)
  Donald (Orc:2)
  5 deep elf elementalists (Elf:3)
  4 deep elf sorcerers
  An orc warlord (Orc:1)
  Nessos (D:13)
  4 deep elf demonologists (Elf:3)
  5 deep elf annihilators (Elf:3)
  3 deep elf death magi (Elf:3)
  A great orb of eyes (D:15)
  3 deep elf high priests (Elf:3)
  2 hydras (D:13)
  8 centaur warriors
  4 boulder beetles
  17 dancing weapons
  3 two-headed ogres
  3 orc high priests (Orc:2)
  2 thrashing horrors (Abyss:2)
  The ghost of destino the Martial Artist, a novice OpSh of Uskayaw (D:7)
  Urug (D:13)
  4 deep elf knights
  A sun demon (Abyss:2)
  A wretched star (Abyss:2)
  Lodul (D:13)
  14 skeletal warriors
  An arcanist (Elf:1)
  27 deep elf zephyrmancers
  3 orc knights
  Pikel (D:4)
  11 deep elf archers
  5 ugly things
  20 deep elf pyromancers
  5 orc sorcerers
  4 cyclopes
  2 manticores (D:13)
  2 worldbinders (Abyss:2)
  3 meliai
  An apocalypse crab (Abyss:2)
  2 large abominations (Abyss:2)
  5 kobold blastminers (Orc:2)
  A gargoyle (D:7)
  2 smoke demons (Abyss:2)
  Maggie (D:6)
  An ice statue (D:7)
  A kobold demonologist (Elf:1)
  2 efreet (D:14)
  A yaktaur (D:15)
  An ice devil (Abyss:2)
  A hellion (Abyss:2)
  Psyche (D:8)
  2 freezing wraiths
  A guardian mummy (D:12)
  12 trolls
  Prince Ribbit (D:7)
  A dream sheep (shapeshifter) (D:15)
  A raiju (Abyss:2)
  11 slime creatures
  3 shadows
  A centaur simulacrum (D:15)
  2 vampires
  A spriggan (shapeshifter) (D:9)
  A wyvern (D:10)
  A wraith (D:11)
  A ynoxinul (Abyss:2)
  3 water elementals
  4 air elementals
  6 starcursed masses (Abyss:2)
  16 humans (D:13)
  6 yaks (D:9)
  Eustachio (D:6)
  A wyvern (shapeshifter) (D:15)
  3 fire elementals
  8 wargs
  Menkaure (D:6)
  2 steam dragons (D:7)
  7 vampire mosquitoes (D:11)
  4 small abominations (Abyss:2)
  An acid dragon (D:10)
  3 water moccasins
  39 orc warriors
  Duvessa (D:4)
  2 black bears
  9 laughing skulls
  A tengu (shapeshifter) (Elf:2)
  6 ogres
  A boggart (Elf:1)
  9 centaurs
  2 phantoms
  A brain worm (Sewer)
  3 kobold brigands
  3 gnoll sergeants
  4 scorpions (D:5)
  3 bullfrogs
  An earth elemental (Elf:2)
  12 wights
  Dowan (D:4)
  19 killer bees
  2 electric eels (D:8)
  6 howler monkeys
  3 vampire bats (Orc:1)
  A bombardier beetle (D:3)
  3 jellies
  Crazy Yiuf (D:7)
  2 gnoll boudas
  21 orc priests
  5 hounds
  Ijyb (D:3)
  2 iguanas
  23 orc wizards
  16 gnolls
  10 adders
  3 river rats (Sewer)
  A shadow imp (Abyss:2)
  4 white imps
  4 ufetubi
  3 dart slugs
  2 ribbon worms
  106 orcs
  15 bats
  7 endoplasms
  8 giant cockroaches
  12 goblins
  4 hobgoblins
  16 jackals
  19 kobolds
  9 quokkas
  9 ball pythons
  5 frilled lizards
  5 rats
748 creatures vanquished.

Vanquished Creatures (others)
  An orc wizard (D:10)
  2 orcs
3 creatures vanquished.

Grand Total: 751 creatures vanquished

Notes
Turn   | Place    | Note
-------+----------+-------------------------------------------
     0 | D:1      | James the Minotaur Berserker began the quest for the Orb.
     0 | D:1      | Reached XP level 1. HP: 19/19 MP: 0/0
   268 | D:1      | Reached XP level 2. HP: 26/26 MP: 1/1
   730 | D:1      | Reached skill level 5 in Maces & Flails
  1035 | D:2      | Reached XP level 3. HP: 31/31 MP: 2/2
  1313 | D:2      | Reached ** piety under Trog
  2010 | D:2      | Reached XP level 4. HP: 36/39 MP: 3/3
  2157 | D:3      | Found a glowing drain.
  2176 | Sewer    | Entered a sewer
  2343 | Sewer    | Reached XP level 5. HP: 45/45 MP: 4/4
  2452 | Sewer    | Reached *** piety under Trog
  3072 | D:3      | Reached XP level 6. HP: 52/52 MP: 5/5
  3380 | D:3      | Found an ornate altar of the Wu Jian Council.
  3512 | D:3      | Found a faded altar of an unknown god.
  3821 | D:3      | Noticed Ijyb
  3837 | D:3      | Killed Ijyb
  4170 | D:4      | Reached skill level 5 in Fighting
  4302 | D:4      | Noticed Dowan
  4307 | D:4      | Reached XP level 7. HP: 61/61 MP: 6/6
  4308 | D:4      | Noticed Duvessa
  4420 | D:4      | Killed Duvessa
  4479 | D:4      | Killed Dowan
  4480 | D:4      | Reached skill level 5 in Armour
  4543 | D:4      | Reached **** piety under Trog
  4717 | D:4      | Noticed Pikel
  4729 | D:4      | Killed Pikel
  4730 | D:4      | Reached XP level 8. HP: 70/70 MP: 7/7
  5039 | D:4      | Found a burning altar of Makhleb.
  5335 | D:5      | Entered Level 5 of the Dungeon
  5419 | D:5      | Reached skill level 10 in Maces & Flails
  5559 | D:5      | Found a staircase to the Ecumenical Temple.
  5961 | D:5      | Found a bloodstained altar of Trog.
  5962 | D:5      | Found a stormy altar of Qazlal.
  6336 | D:6      | Noticed Eustachio
  6373 | D:6      | Killed Eustachio
  6374 | D:6      | Reached XP level 9. HP: 74/75 MP: 8/8
  6654 | D:6      | Found an iron altar of Okawaru.
  6879 | D:6      | Noticed Maggie
  6890 | D:6      | Killed Maggie
  7114 | D:6      | Noticed Menkaure
  7120 | D:6      | Killed Menkaure
  7506 | D:7      | Reached ***** piety under Trog
  7628 | D:7      | Noticed Prince Ribbit
  7647 | D:7      | Killed Prince Ribbit
  7734 | D:7      | Found a transporter.
  7763 | D:7      | Found a runed translucent door.
  7764 | D:7      | Noticed Crazy Yiuf
  7802 | D:7      | Noticed a cyclops
  7809 | D:7      | Noticed destino's ghost (novice OpSh)
  7821 | D:7      | Noticed a troll
  7862 | D:7      | Noticed a gargoyle
  7896 | D:7      | Noticed an ice statue
  7905 | D:7      | Found a transporter.
  8096 | D:7      | Found a broken altar of Ashenzari.
  8379 | D:7      | Killed Crazy Yiuf
  8530 | D:8      | Received a gift from Trog
  8536 | D:8      | Reached XP level 10. HP: 83/88 MP: 9/9
  8615 | D:8      | Noticed Psyche
  8627 | D:8      | Killed Psyche
  8781 | D:8      | Identified the +0 trident of Web Usya {distort, rF+ rN+}
  9280 | D:8      | Identified the +4 rapier "Buronext" {freeze, Str+5}
  9394 | D:8      | Identified the +5 scale mail "Hiof" {+Blink rC++ rCorr
                  | Int-4}
 10145 | D:9      | Reached skill level 15 in Maces & Flails
 10154 | D:9      | Found a shimmering altar of Xom.
 10158 | D:9      | Found a sacrificial altar of Ru.
 10163 | D:9      | Found a glowing golden altar of the Shining One.
 10164 | D:9      | Found a sparkling altar of Nemelex Xobeh.
 10165 | D:9      | Found a glowing silver altar of Zin.
 10165 | D:9      | Found a shimmering blue altar of Sif Muna.
 10168 | D:9      | Found a radiant altar of Vehumet.
 10211 | D:9      | Found Ciockod's Changing Room.
 10486 | D:9      | Noticed a deep elf pyromancer
 10507 | D:9      | Killed a deep elf pyromancer
 10508 | D:9      | Reached XP level 11. HP: 41/97 MP: 10/10
 10693 | D:9      | Reached skill level 5 in Dodging
 11142 | D:9      | Identified the amulet "Goonug" {Faith rF- rN+ Slay+2}
 11293 | D:9      | Noticed a red ugly thing
 11303 | D:9      | Killed a red ugly thing
 11453 | D:10     | Entered Level 10 of the Dungeon
 11743 | D:10     | Found Aseshes's Armour Shop.
 11744 | D:10     | Found a staircase to the Orcish Mines.
 12196 | D:10     | Reached skill level 10 in Fighting
 12196 | D:10     | Reached skill level 10 in Armour
 13165 | D:11     | Noticed a two-headed ogre
 13165 | D:11     | Found a staircase to the Lair.
 13176 | D:10     | Killed a two-headed ogre
 13431 | D:11     | Noticed a boulder beetle
 13446 | D:11     | Killed a boulder beetle
 13820 | D:12     | Noticed a deep elf pyromancer
 13840 | D:12     | Killed a deep elf pyromancer
 14388 | D:12     | Noticed a two-headed ogre
 14403 | D:12     | Killed a two-headed ogre
 14404 | D:12     | Reached XP level 12. HP: 112/112 MP: 11/11
 14618 | D:12     | Found a portal to a secret trove of treasure.
 14919 | D:13     | Noticed Nessos
 14919 | D:13     | Noticed Lodul
 14919 | D:13     | Noticed Urug
 14919 | D:13     | Noticed a five-headed hydra
 14919 | D:13     | Noticed a centaur warrior
 14919 | D:13     | Found a gate to the Vaults.
 15519 | D:13     | Noticed a six-headed hydra
 15535 | D:13     | Killed Nessos
 15540 | D:13     | Killed a six-headed hydra
 15552 | D:13     | Killed a centaur warrior
 15614 | D:13     | Killed Lodul
 15632 | D:13     | Noticed a centaur warrior
 15644 | D:13     | Killed a centaur warrior
 15672 | D:13     | Noticed a two-headed ogre
 15674 | D:13     | Killed Urug
 15695 | D:13     | Killed a five-headed hydra
 15717 | D:13     | Killed a two-headed ogre
 16374 | D:13     | Found a gate to the Vaults.
 16671 | Orc:1    | Entered Level 1 of the Orcish Mines
 17038 | Orc:2    | Entered Level 2 of the Orcish Mines
 17050 | Orc:2    | Received a gift from Trog
 17554 | Orc:2    | Reached XP level 13. HP: 115/123 MP: 12/12
 17899 | Orc:2    | Found a staircase to the Elven Halls.
 18151 | Orc:2    | Found Ikko's Magic Scroll Emporium.
 18163 | Orc:2    | Reached ****** piety under Trog
 18274 | Orc:2    | Noticed Donald
 18285 | Orc:2    | Killed Donald
 18695 | Orc:2    | Received a gift from Trog
 18971 | Orc:2    | Reached skill level 1 in Shields
 19385 | Orc:2    | Noticed an orc warlord
 19520 | Orc:1    | Killed an orc warlord
 19859 | Orc:2    | Found Dujuc's Distillery.
 19999 | Orc:2    | Reached skill level 10 in Dodging
 20008 | Orc:2    | Found Jirhi's Antique Armour Boutique.
 20010 | Orc:2    | Found Widuwuh's Antique Weapon Shop.
 20256 | Orc:2    | Found a staircase to the Elven Halls.
 20489 | Orc:2    | Found Dujuc's Distillery.
 20630 | Orc:2    | Found Ikko's Magic Scroll Emporium.
 20665 | Orc:2    | Identified a scroll of acquirement
 20665 | Orc:2    | Acquired the +7 eveningstar of the Peculiar Ziggurats
                  | {vamp, MP+9}
 20767 | Orc:2    | Bought a pair of boots for 139 gold pieces
 20855 | Orc:2    | Bought a scroll of blinking for 75 gold pieces
 20855 | Orc:2    | Bought a scroll of enchant weapon for 75 gold pieces
 21006 | D:12     | You paid a toll of a +6 demon trident to enter a treasure
                  | trove
 21007 | Trove    | Entered a treasure trove
 21016 | Trove    | Identified the ring "Mikhas" {rN+ rCorr}
 21018 | Trove    | Identified the ring of the Prince {EV+5 Dex+3}
 21020 | Trove    | Identified the ring "Waigi" {Will+ Int+2}
 21022 | Trove    | Identified the amulet of Onusiaw {Faith ^Drain rC+++ Int+2}
 21028 | Trove    | Identified the ring "Cytihouts" {Will+ EV+5 Int+2}
 21030 | Trove    | Identified the ring "Foxtem" {AC+4 Dex+5}
 21032 | Trove    | Identified the ring of Ru's Anger {rPois rF+ Will+ Int+5
                  | Dex-5}
 21035 | Trove    | Identified the amulet of Ukooh {Spirit Regen+ Dex+2}
 21039 | Trove    | Identified the amulet of Paranoia {RegenMP Harm +Blink rN++
                  | Dex-5}
 21041 | Trove    | Identified the amulet of Uconeing {Faith *Corrode rPois
                  | rC+++ rN+}
 21239 | D:13     | Reached skill level 5 in Shields
 21408 | D:14     | Reached skill level 15 in Fighting
 21539 | D:14     | Reached skill level 15 in Armour
 21628 | D:14     | Reached XP level 14. HP: 135/135 MP: 13/13
 21996 | D:14     | Reached skill level 10 in Shields
 22205 | D:15     | Entered Level 15 of the Dungeon
 22339 | D:15     | Received a gift from Trog
 22497 | D:15     | Found a shimmering altar of Xom.
 22654 | D:15     | Found a staircase to the Depths.
 23035 | D:7      | Killed destino's ghost
 23270 | Elf:1    | Entered Level 1 of the Elven Halls
 23437 | Elf:1    | Identified the +7 eveningstar of Havoc {heavy, rElec Dex+3
                  | Stlth+} (Trog gifted it to you on level 1 of the Elven
                  | Halls)
 23437 | Elf:1    | Received a gift from Trog
 23518 | Elf:1    | Found Gitorchobi's Jewellery Shop.
 23689 | Elf:1    | Reached skill level 15 in Shields
 23754 | Elf:1    | Noticed a deep elf sorcerer
 23767 | Elf:1    | Killed a deep elf sorcerer
 23808 | Elf:1    | Noticed a deep elf sorcerer
 23816 | Elf:1    | Killed a deep elf sorcerer
 23817 | Elf:1    | Reached XP level 15. HP: 117/141 MP: 11/14
 23879 | Elf:1    | Identified the +0 scale mail of Caot {Int+4 Stlth+}
 24686 | Elf:2    | Identified the +5 morningstar "Siagouru" {flame, *Rage rN+
                  | Str+3} (Trog gifted it to you on level 2 of the Elven
                  | Halls)
 24686 | Elf:2    | Received a gift from Trog
 24817 | Elf:2    | Paralysed by an air elemental for 1 turns
 25038 | Elf:2    | Found a runed translucent gate.
 25039 | Elf:2    | Found a runed translucent gate.
 25039 | Elf:2    | Found a runed translucent gate.
 25209 | Elf:3    | Entered Level 3 of the Elven Halls
 25342 | Elf:3    | Paralysed by an air elemental for 1 turns
 25694 | Elf:3    | Received a gift from Trog
 25729 | Elf:3    | Found Buruil's Assorted Antiques.
 26103 | Elf:3    | Noticed an Executioner
 26125 | Elf:3    | Noticed an Executioner
 26138 | Elf:3    | Noticed a Brimstone Fiend
 26157 | Elf:3    | Reached XP level 16. HP: 81/146 MP: 8/15
 26210 | Elf:3    | Noticed a deep elf master archer
 26227 | Elf:3    | Killed a deep elf master archer
 26232 | Elf:3    | Noticed a deep elf blademaster
 26241 | Elf:3    | Killed a deep elf blademaster
 26316 | Elf:3    | Noticed a deep elf blademaster
 26316 | Elf:3    | Identified the +10 whip of the Nexus {drain, rPois rF+
                  | Int+5 Stlth+}
 26332 | Elf:3    | Killed a deep elf blademaster
 26505 | Elf:3    | Identified the +0 chain mail "Pourur" {rPois rC+}
 26505 | Elf:3    | Noticed a deep elf master archer
 26533 | Abyss:2  | Found a corrupted altar of Lugonu.
 26533 | Abyss:2  | Cast into level 2 of the Abyss (a deep elf sorcerer)
 26577 | Abyss:2  | Found a corrupted altar of Lugonu.
 26781 | Abyss:2  | Received a gift from Trog
 26793 | Abyss:2  | Found a corrupted altar of Lugonu.
 27136 | Abyss:2  | Found a corrupted altar of Lugonu.
 27150 | Abyss:2  | Found a corrupted altar of Lugonu.
 27200 | Elf:3    | Escaped the Abyss
 27203 | Elf:3    | Killed a deep elf master archer
 27306 | Elf:3    | Identified the +6 battleaxe "Orchaip" {elec, ^Fragile rN+++
                  | MP+9}
 27329 | Elf:3    | Noticed a Hell Sentinel
 27338 | Elf:3    | HP: 9/235 [Hell Sentinel[a deep elf demonologist] (13)]
 27340 | Elf:3    | Killed from afar by a Hell Sentinel

Illustrated notes

Levels and vault maps discovered:
D:1:      roderic_crossed_star, layout_loops_corners,
          minmay_misc_feat_secret_circle
D:2:      layout_basic
D:3:      kennysheep_goblin_castle, layout_loops_ring,
          nicolae_wu_jian_wuxing_cycle, chequers_ecumenical_altar_simple_redux,
          cheibrodos_sewer_entry_bend, minmay_guardbox
D:4:      layout_basic, bloody_makhleb, uniq_duvessa, uniq_pikel
D:5:      layout_basic, chequers_temple_overflow_statue_of_worship,
          minmay_temple_entry_statues_fountains
D:6:      layout_loops_corners, okawaru_trees_1, uniq_eustachio, uniq_menkaure,
          uniq_maggie
D:7:      layout_rooms, cheibrodos_ashenzari_chains, nzn_ghost_randoct,
          serial_aquarium, aquarium_bridge_square [aquarium_subvault_bridge,
          aquarium_subvault_wall, aquarium_subvault_balcony,
          aquarium_subvault_bridge], aquarium_window_fake, aquarium_window_3,
          aquarium_view_2c, aquarium_balcony_5a, feat_on_display,
          uniq_crazy_yiuf_cottage, uniq_prince_ribbit1
D:8:      layout_basic, grunt_ministairs_6, uniq_psyche
D:9:      minmay_tri_box, layout_loops_ring, minitemple,
          nicolae_transmutations_shop
D:10:     layout_basic, orc_david_3
D:11:     layout_basic, lair_entry_dummy
D:12:     layout_grid_maze, nicolae_trove_entry_path_of_doom
D:13:     layout_basic, david_vaults_3
D:14:     layout_loops_cross, hangedman_decor_slide_cut
D:15:     gammafunk_enter_depths_forms, layout_rooms, xom_teletrap_fun,
          grunt_decor_one_mirror
Orc:1:    layout_diamond_mine, roderic_batcave
Orc:2:    grunt_orc_community_town_hall, layout_diamond_mine,
          grunt_orc_community_big_house_2, grunt_orc_community_big_house_1,
          grunt_orc_community_house_3, grunt_orc_community_house_1,
          grunt_orc_community_house_2, grunt_orc_community_house_3,
          grunt_orc_community_house_1, grunt_orc_community_house_1,
          nicolae_orc_sculptors_studio, uniq_donald
Elf:1:    eino_elf_arrival_the_gate, layout_geoelf_diagonals, serial_shops,
          shop, hangedman_elf_disciples, serial_library_hellmonk_reading_circle
Elf:2:    nicolae_elf_blades_crystal_corner, layout_geoelf_octagon
Elf:3:    elf_hall, layout_rooms, serial_shops, nicolae_shop_rolling_square

Skill      XL: |  1  2  3  4  5  6  7  8  9 10 11 12 13 14 15 16 |
---------------+-------------------------------------------------+-----
Maces & Flails | 4 5 6 8 9 12 14 16 | 16.0
Fighting       | 4 5 6 7 9 12 13 15 16 17 | 17.9
Armour         | 4 6 7 9 12 13 15 16 18 | 18.0
Dodging        | 3 4 5 8 10 | 10.0
Shields        | 8 16 18 | 18.0

Action                     |  1- 3 |  4- 6 |  7- 9 | 10-12 | 13-15 | 16-18 || total
---------------------------+-------+-------+-------+-------+-------+-------++-------
  Melee: Mace              |    73 |   193 |   353 |    56 |       |       ||   675
         Headbutt          |     6 |    28 |    64 |   140 |   182 |    34 ||   454
         Punch             |       |     1 |       |       |       |       ||     1
         Morningstar       |       |       |       |   616 |   324 |       ||   940
         Whip              |       |       |       |     9 |       |       ||     9
         Eveningstar       |       |       |       |       |   548 |   152 ||   700
         Demon whip        |       |       |       |       |    15 |       ||    15
   Fire: Sling             |     2 |       |       |       |       |       ||     2
  Throw: Dart              |       |     2 |     3 |     7 |       |       ||    12
 Invoke: Berserk           |       |       |     2 |     2 |     3 |     1 ||     8
         Trog's Hand       |       |       |       |     1 |       |     1 ||     2
         Brothers in Arms  |       |       |       |       |       |     1 ||     1
  Evoke: Wand              |       |       |       |     3 |       |       ||     3
    Use: Scroll            |       |     7 |     8 |     9 |     8 |       ||    32
   Stab: Distracted        |       |       |       |     1 |       |       ||     1
 Armour: Animal skin       |    30 |       |       |       |       |       ||    30
         Ring mail         |    17 |   100 |       |       |       |       ||   117
         Scale mail        |       |    34 |    69 |       |   344 |   114 ||   561
         Skin              |       |       |    39 |       |       |       ||    39
         Chain mail        |       |       |   113 |   115 |       |       ||   228
         Plate armour      |       |       |       |   102 |       |       ||   102
         Swamp dragon scal |       |       |       |   213 |   200 |       ||   413
  Dodge: Dodged            |    56 |   129 |    86 |   238 |   410 |    61 ||   980
  Block: Buckler           |       |       |    91 |   260 |    58 |       ||   409
         Reflection        |       |       |       |    24 |    63 |     8 ||    95
         Kite shield       |       |       |       |       |   438 |   117 ||   555
